 Seeded DCSS version 0.28-a0-1567-g1695149f81 (webtiles) character file.

Game seed: 8636 (custom seed)

8 knot the Chopper (level 2, 22/24 HPs)
             Began as a Demonspawn Berserker on Jan 20, 2022.
             Was a Follower of Trog.
             Quit the game on level 1 of the Dungeon.
             The game lasted 00:00:16 (256 turns).

knot the Chopper (Demonspawn Berserker)              Turns: 256, Time: 00:00:17

Health: 22/24      AC:  2    Str: 17    XL:     2   Next: 0%
Magic:  2/2        EV: 12    Int:  8    God:    Trog [*.....]
Gold:   29         SH:  0    Dex: 12    Spells: 1/1 levels left

rFire   . . .      SeeInvis .   a - +0 hand axe
rCold   . . .      Faith    .   (no shield)
rNeg    . . .      Spirit   .   b - +0 animal skin
rPois   .          Reflect  .   (no helmet)
rElec   .          Harm     .   (no cloak)
rCorr   .          Rampage  .   (no gloves)
Will    .....                   (no boots)
Stlth   +.........              (no amulet)
HPRegen 0.08/turn               (no ring)
MPRegen 0.08/turn               (no ring)

@: no status effects
A: claws 1
a: Renounce Religion, Berserk


You were on level 1 of the Dungeon.
You worshipped Trog.
Trog was aware of your devotion.
You visited 1 branch of the dungeon, and saw 1 of its levels.

You collected 29 gold pieces.

Inventory:

Hand Weapons
 a - a +0 hand axe (weapon)
Missiles
 c - 12 stones (quivered)
 d - 9 sling bullets
Armour
 b - a +0 animal skin (worn)
Potions
 e - a potion of curing {unknown}


   Skills:
 - Level 3.0 Fighting
 + Level 3.2 Axes
 - Level 1.7 Armour
 - Level 1.7 Dodging


You had one spell level left.
You didn't know any spells.
Your spell library was empty.

Dungeon Overview and Level Annotations

Branches:
Dungeon (1/15)

Altars:


Innate Abilities, Weirdness & Mutations

You have sharp fingernails.


Message History

You hit the rat but do no damage. The rat bites you.
You barely miss the rat. The rat barely misses you.
You hit the rat.
The rat is severely wounded.
The rat barely misses you.
You barely miss the rat.
The rat is severely wounded.
The rat bites you but does no damage. x2
You closely miss the rat.
The rat is severely wounded.
The rat completely misses you.
You hit the rat.
You kill the rat!
Trog accepts your kill.
No target in view!
You now have 29 gold pieces (gained 8).
You see here a rat corpse.
A goblin comes into view. It is wielding a +0 dagger.
The goblin shouts!
A bat comes into view.
There are monsters nearby!
There are monsters nearby!
You completely miss the goblin. The bat barely misses you.
The goblin hits you with a +0 dagger.
You hit the goblin.
You kill the goblin!
Trog accepts your kill. The bat closely misses you.
The bat hits you but does no damage.
Things that are here:
a +0 dagger; a goblin corpse You miss the bat.
The bat closely misses you. The bat hits you but does no damage.
You slash the bat!
You kill the bat!
Trog accepts your kill.
You have reached level 2!
Your demonic ancestry asserts itself...
Your fingernails lengthen.
Are you sure you want to abandon this character and quit the game? (Confirm with "yes".)

#. #. .##.....
..#.. #. #.#.#
#.########## #...
#........##. #..#
#..###...... #..#
##.##..##..#
##..####...†.####..
#.@.......#### ###
#.......#...##.#
#.....#####..#.#
#....# ##...# #....
###.# #... ### ...
.##


There were no monsters in sight!

Vanquished Creatures
  2 kobolds (D:1)
  A ball python (D:1)
  3 bats (D:1)
  2 goblins (D:1)
  A rat (D:1)
9 creatures vanquished.

Notes
Turn   | Place    | Note
-------+----------+-------------------------------------------
     0 | D:1      | knot the Demonspawn Berserker began the quest for the Orb.
     0 | D:1      | Reached XP level 1. HP: 18/18 MP: 1/1
   256 | D:1      | Gained mutation: You have sharp fingernails. [demonic
                  | ancestry]
   256 | D:1      | Reached XP level 2. HP: 22/24 MP: 2/2
   256 | D:1      | Quit the game

Illustrated notes

Levels and vault maps discovered:
D:1:      lemuel_arrival_room, layout_rooms, chequers_ecumenical_altar_twisty,
          serial_shops, nicolae_shop_hallway_plus,
          nicolae_concentric_dashed_squares_mild

Skill      XL: |  1 |
---------------+----+-----
Axes           | 3 |  3.2
Fighting       | |  3.0
Armour         | |  1.7
Dodging        | |  1.7

Action                   || total
-------------------------++-------
Melee: Hand axe          ||    25
Armor: Animal skin       ||    10
Dodge: Dodged            ||    16

Table legend: (Time is in decaauts)
 A = Elapsed time spent in this place.
 B = Non-inter-level travel time spent in this place.
 C = Inter-level travel time spent in this place.
 D = Time resting spent in this place.
 E = Time spent auto-exploring this place.
 F = Levels seen in this place.
 G = Mean time per level.
                   A        B        C        D        E       F      G
               +--------+--------+--------+--------+--------+-----+--------+
         Total |    260 |    260 |      0 |      0 |    206 |   1 |  260.0 |
       Dungeon |    260 |    260 |      0 |      0 |    206 |   1 |  260.0 |
               +--------+--------+--------+--------+--------+-----+--------+

Top non-repeatable levels by time:
     D:1: 260 daAuts
